 Dungeon Crawl Stone Soup version 0.29-a0-409-gd843f3a48c (webtiles) character file.

Game seed: 16265659281696240319

243 holysushi the Insei (level 5, -3/41 HPs)
             Began as a Mummy Monk on May 14, 2022.
             Slain by a wight
             ... wielding a +5 short sword of freezing
              (4 damage)
             ... in a sewer.
             The game lasted 00:07:05 (4725 turns).

holysushi the Insei (Mummy Monk)                    Turns: 4725, Time: 00:07:06

Health: -3/41      AC:  8    Str: 14    XL:     5   Next: 82%
Magic:  5/5        EV: 11    Int:  9    God:
Gold:   121        SH:  0    Dex: 17    Spells: 4/4 levels left

rFire   x . .      SeeInvis .     - Unarmed
rCold   + . .      Faith    .   (no shield)
rNeg    + + +      Spirit   .   e - +0 ring mail
rPois   ∞          Reflect  .   (no helmet)
rElec   .          Harm     .   b - +1 cloak {Will+}
rCorr   .          Rampage  .   d - +0 pair of gloves
Will    +....                   (no boots)
Stlth   +.........              (no amulet)
HPRegen 0.13/turn               (no ring)
MPRegen 0.09/turn               (no ring)

@: no status effects
A: cold resistance 1, negative energy resistance 3, torment resistance 2, heat
vulnerability 1, in touch with death 1, no potions
a: no special abilities


You were in a sewer.
You visited 1 branch of the dungeon, and saw 4 of its levels.
You also visited: Sewer.

You collected 121 gold pieces.

Inventory:

Armour
 a - a +0 robe
 b - a +1 cloak of willpower (worn)
 d - a +0 pair of gloves (worn)
 e - a +0 ring mail (worn)
Jewellery
 l - a ring of wizardry
Wands
 i - a wand of iceblast (4)
Scrolls
 h - a scroll of identify
 k - a scroll of poison


   Skills:
 - Level 3.0 Fighting
 - Level 2.4 Dodging
 - Level 1.5 Stealth
 + Level 5.5 Unarmed Combat


You had 4 spell levels left.
You didn't know any spells.
Your spell library contained the following spells:

 Spells                   Type           Power      Damage    Failure   Level
 Animate Skeleton         Necr           0%         N/A       63%         1
 Pain                     Necr           0%         1d4       63%         1
 Vampiric Draining        Necr           0%         2d6       94%         3


Dungeon Overview and Level Annotations

Branches:
Dungeon (4/15)              Sewer (1/1)
 Temple: D:4-7

Altars:
Dithmenos
Fedhas
Ru
Xom

Shops:
D:2 *[   D:3 =

Annotations:
D:3 2 transporters, porpoise's ghost, amateur PaFi


Innate Abilities, Weirdness & Mutations

You are immune to poison.
Your flesh is cold resistant. (rC+)
You are immune to negative energy. (rN+++)
You are immune to unholy pain and torment.
You are vulnerable to heat. (rF-)
You are in touch with the powers of death.
You do not drink.


Message History

The ufetubus hits you but does no damage.
The ufetubus hits you.
You barely miss the ufetubus.
The ufetubus is severely wounded.
The ufetubus closely misses you. The ufetubus misses you.
You hit the ufetubus.
You kill the ufetubus!
The wight hits you with a +5 short sword of freezing!
You hit the wight but do no damage.
The wight hits you with a +5 short sword of freezing.
You barely miss the wight.
The wight hits you with a +5 short sword of freezing.
The wight freezes you.
You hit the wight but do no damage. You punch the wight.
The wight is lightly damaged.
The wight hits you with a +5 short sword of freezing!
* * * LOW HITPOINT WARNING * * *
The wight freezes you.
* * * LOW HITPOINT WARNING * * *
You hit the wight but do no damage.
The wight is lightly damaged.
The wight hits you but does no damage.
Unknown command.
Okay, then.
Aiming: Iceblast
Press: ? - help, Shift-Dir - straight line The mass of ice explodes!
The iceblast engulfs the wight.
The wight partially resists.
The wight is moderately damaged.
You hear a shout! x2
The wight hits you with a +5 short sword of freezing.
* * * LOW HITPOINT WARNING * * *
Aiming: Iceblast
Press: ? - help, Shift-Dir - straight line The mass of ice explodes!
The iceblast engulfs the wight but does no damage.
The wight is moderately damaged.
You hear a shout!
The wight hits you with a +5 short sword of freezing.
You die...

#.≈≈≈≈≈≈≈≈≈≈≈≈≈#.≈≈≈≈
#.≈≈≈....≈≈.≈≈.≈≈≈≈≈≈
#..............# ≈≈≈≈
##.##########)## ≈≈≈≈
#≈≈≈#≈≈≈≈≈ #...#≈≈≈≈≈
#≈≈≈#≈≈≈≈≈≈#...#≈≈≈≈≈
#≈≈≈#≈≈≈≈≈≈#.).≈≈≈≈≈≈≈
#≈≈≈#≈≈≈≈≈≈≈...#≈≈≈≈≈≈
#≈≈≈#≈≈≈≈≈≈#.@.#≈≈≈≈≈≈
#≈≈≈#≈≈≈≈≈≈≈)z.≈≈≈≈≈≈≈
#≈≈≈#≈≈≈≈≈≈≈.÷.#≈≈≈≈≈≈
≈≈≈≈≈≈#.).#≈≈≈≈≈≈
≈≈≈≈≈≈#...≈≈≈≈≈≈≈
≈≈≈≈≈≈#...#≈≈≈≈≈≈
≈≈≈≈≈≈≈)).#≈≈≈≈≈≈
≈≈≈≈≈≈#...#.≈≈≈≈≈
≈≈≈≈≈...≈...≈≈≈≈≈


You could see a wight.

Vanquished Creatures
  Crazy Yiuf (D:3)
  Natasha (thrice) (D:2)
  3 adders
  2 shadow imps (Sewer)
  3 ufetubi (Sewer)
  2 worms (D:4)
  4 ball pythons
  5 endoplasms
  4 giant cockroaches
  4 goblins
  10 hobgoblins
  18 kobolds
  3 quokkas
  8 bats
  2 frilled lizards
  2 kobold zombies (Sewer)
  5 rats
79 creatures vanquished.

Notes
Turn   | Place    | Note
-------+----------+-------------------------------------------
     0 | D:1      | holysushi the Mummy Monk began the quest for the Orb.
     0 | D:1      | Reached XP level 1. HP: 18/18 MP: 1/1
   208 | D:1      | Reached skill level 3 in Unarmed Combat
   208 | D:1      | Reached XP level 2. HP: 24/24 MP: 2/2
   850 | D:1      | Gained mutation: You are in touch with the powers of death.
                  | [Mummy growth]
   850 | D:1      | Reached XP level 3. HP: 26/29 MP: 3/3
  1373 | D:2      | Found a faded altar of an unknown god.
  1663 | D:2      | Reached skill level 4 in Unarmed Combat
  1722 | D:2      | Found Wuapu's Antique Armour Shoppe.
  1808 | D:2      | Found Hicurph's Assorted Antiques.
  1849 | D:2      | Noticed Natasha
  1859 | D:2      | Killed Natasha
  1860 | D:2      | Reached XP level 4. HP: 21/35 MP: 4/4
  2014 | D:2      | Noticed Natasha
  2024 | D:2      | Killed Natasha
  2079 | D:2      | Noticed Natasha
  2084 | D:2      | Killed Natasha
  2085 | D:2      | Reached XP level 5. HP: 34/41 MP: 5/5
  2405 | D:3      | Found a transporter.
  2406 | D:3      | Noticed porpoise's ghost (amateur PaFi)
  2406 | D:3      | Noticed an ogre
  2407 | D:3      | Identified the +9 giant club of the Sun {flame, Fragile
                  | rPois rN+ Dex+4}
  2407 | D:3      | Noticed an ogre
  2415 | D:3      | Found a transporter.
  2532 | D:3      | Found a sacrificial altar of Ru.
  2675 | D:3      | Found a shadowy altar of Dithmenos.
  2677 | D:3      | Found a shimmering altar of Xom.
  2678 | D:3      | Found a blossoming altar of Fedhas.
  2767 | D:3      | Found Kevy's Jewellery Boutique.
  2910 | D:3      | Found a runed translucent door.
  2911 | D:3      | Noticed Crazy Yiuf
  3796 | D:3      | Killed Crazy Yiuf
  3797 | D:3      | Reached skill level 5 in Unarmed Combat
  3959 | D:4      | Found a glowing drain.
  4004 | Sewer    | Entered a sewer
  4724 | Sewer    | HP: 1/41 [wight/+5 short sword of freezing (4)]
  4725 | Sewer    | Slain by a wight

Illustrated notes

Levels and vault maps discovered:
D:1:      minmay_arrival_doors, layout_basic
D:2:      layout_loops_ring, basic_ecumenical_altar, serial_shops,
          nicolae_diamond_shop, nicolae_shop_temple_entry_statues_fountains,
          uniq_natasha
D:3:      layout_loops_corners, nicolae_ru_the_path_less_chosen,
          grunt_temple_overflow_open, serial_shops, shop, gammafunk_ghost_smash,
          uniq_crazy_yiuf_cottage
D:4:      layout_cave_pools, kennysheep_mini_moat, minmay_temple_entry_fiery,
          cheibrodos_sewer_entry_bend, st_stairs_10,
          hangedman_abyss_or_decor_slice, chequers_serial_rivers_large_b,
          grunt_decor_resistance, nrook_uturn, uniq_edmund
Sewer:    kennysheep_sewer_church

Skill      XL: |  1  2  3  4  5 |
---------------+----------------+-----
Unarmed Combat | 3 4 5 |  5.5
Fighting       | |  3.0
Dodging        | |  2.4
Stealth        | |  1.5

Action                   |  1- 3 |  4- 6 || total
-------------------------+-------+-------++-------
Melee: Unarmed           |   163 |   142 ||   305
       Punch             |     4 |     7 ||    11
Evoke: Wand              |       |     4 ||     4
  Use: Scroll            |       |     7 ||     7
 Stab: Sleeping          |     3 |     2 ||     5
Armor: Robe              |    16 |       ||    16
       Ring mail         |    25 |    56 ||    81
Dodge: Dodged            |    88 |    71 ||   159

Table legend: (Time is in decaauts)
 A = Elapsed time spent in this place.
 B = Non-inter-level travel time spent in this place.
 C = Inter-level travel time spent in this place.
 D = Time resting spent in this place.
 E = Time spent auto-exploring this place.
 F = Levels seen in this place.
 G = Mean time per level.
                   A        B        C        D        E       F      G
               +--------+--------+--------+--------+--------+-----+--------+
         Total |   4733 |   4594 |    139 |   1703 |   1760 |   5 |  946.6 |
       Dungeon |   4020 |   3881 |    139 |   1251 |   1738 |   4 | 1005.0 |
         Sewer |    712 |    712 |      0 |    452 |     22 |   1 |  712.0 |
               +--------+--------+--------+--------+--------+-----+--------+

Top non-repeatable levels by time:
     D:3: 1580 daAuts
     D:2: 1167 daAuts
     D:1: 1102 daAuts
   Sewer: 712 daAuts
     D:4: 171 daAuts
